 Dungeon Crawl Stone Soup version 0.19-a0-1021-g80cc50c (webtiles) character file.

125 mrath the Digger (level 5, -1/28 HPs)
             Began as a Gargoyle Earth Elementalist on July 27, 2016.
             Slain by an orc
             ... wielding a +0 flail
              (6 damage)
             ... on level 2 of the Dungeon.
             The game lasted 00:15:57 (2696 turns).

mrath the Digger (Gargoyle Earth Elementalist)      Turns: 2696, Time: 00:15:57

Health: -1/28      AC:  6    Str: 12    XL:     5   Next: 9%
Magic:  5/10       EV: 12    Int: 16    God:
Gold:   113        SH:  0    Dex: 10    Spells: 3 memorised, 5 levels left

rFire  . . .     SeeInvis .     r - +1 dagger (venom)
rCold  . . .     Gourm    .     c - +0 robe
rNeg   + . .     Faith    .     (no shield)
rPois  ∞         Spirit   .     (no helmet)
rElec  +         Dismiss  .     (no cloak)
rCorr  .         Reflect  .     (no gloves)
SustAt .         Harm     .     (no boots)
MR     .....                    (no amulet)
Stlth  ++........               (no ring)
                                (no ring)

@: not resistant to hostile enchantments, unstealthy
A: negative energy resistance 1, electricity resistance, unbreathing,
petrification resistance, rot immunity, AC +4
a: no special abilities


You were on level 2 of the Dungeon.
You were not hungry.

You visited 1 branch of the dungeon, and saw 3 of its levels.

You collected 113 gold pieces.

Inventory:

Hand Weapons
 i - a +0 dagger
 m - a +0 whip
 o - a +0 hunting sling
 r - a +1 dagger of venom (weapon)
 x - a +0 mace
 z - a +1 whip of electrocution
Missiles
 b - 11 stones (quivered)
 k - 27 sling bullets
 q - 13 poisoned needles
 A - 4 needles of confusion
Armour
 c - a +0 robe (worn)
Scrolls
 a - 4 scrolls of identify
 l - a scroll of enchant armour {unknown}
 n - a scroll of magic mapping {unknown}
 t - a scroll of remove curse {unknown}
 y - a scroll of amnesia {unknown}
Potions
 g - a potion of cure mutation
 h - a potion of curing
 j - 2 potions of agility {unknown}
 u - a potion of lignification {unknown}
 w - a potion of might {unknown}
Books
 e - a book of Geomancy

   Spells                             Type                      Level
   a - Sandblast                      Earth                        1
   b - Passwall                       Transmutation/Earth          2
   c - Stone Arrow                    Conjuration/Earth            3
   d - Petrify                        Transmutation/Earth          4
   e - Lee's Rapid Deconstruction     Earth                        5
Comestibles
 d - a bread ration
 f - a royal jelly
 p - a slice of pizza
 s - 2 beef jerkies
 v - 4 chunks of flesh
 B - a fruit


   Skills:
 - Level 1.5 Dodging
 - Level 2.1 Stealth
 * Level 3.9 Spellcasting
 + Level 1.2 Conjurations
 - Level 0.7 Transmutations
 + Level 4.7 Earth Magic


You had 5 spell levels left.
You knew the following spells:

 Your Spells              Type           Power        Failure   Level  Hunger
a - Sandblast             Erth           ###...       2%          1    None
b - Passwall              Tmut/Erth      ##........   10%         2    ##.....
c - Stone Arrow           Conj/Erth      ##....       17%         3    ###....


Dungeon Overview and Level Annotations

Branches:
Dungeon (3/15)

Altars:
Gozag


Innate Abilities, Weirdness & Mutations

You are resistant to torment.
Your stone body is resilient. (AC +4)
You are immune to poison.
You resist negative energy. (rN+)
You are resistant to electric shocks. (rElec)
You can survive without breathing.
You are immune to petrification.
You are immune to rotting.


Message History

You have reached level 5!
The orc closely misses you.
You climb upwards.
There is a stone staircase leading down here.
Casting: Sandblast
Confirm with . or Enter, or press ? or * to list all spells.
Aiming: Sandblast
Press: ? - help, Shift-Dir - straight line, f - orc
Aim: an orc, wielding a flail and wearing a chain mail The blast of sand hits the orc.
The orc hits you but does no damage.
You hit the orc but do no damage. The orc hits you with a flail.
You hit the orc but do no damage.
The orc is poisoned.
The orc hits you with a flail!
* * * LOW HITPOINT WARNING * * *
You closely miss the orc.
The goblin shouts!
You barely miss the orc.
The orc is lightly wounded.
The orc hits you with a flail.
You die...

##.## ##...## ####
#########.....######...
#....................#.
#..##.###.#.#.######...
#..##.........# #....
#..######.#.### #....
##..######.#'## #...)
#.....o@.g....## #....
##.#.###.##.....## #....
#....# #.#.......## ##...
#....###.......<..####...
#.................'......
#....####.........####...
#.#.## ##.......## #...
#.### ##.....## #... #.#
##...## ##.#


You could see an orc and a goblin.

Vanquished Creatures
  An orc priest (D:3)
  A gnoll (D:1)
  An adder (D:3)
  A worm (D:2)
  5 dart slugs
  A giant gecko (D:3)
  5 orcs (D:3)
  A ball python (D:2)
  5 bats
  3 giant cockroaches (D:2)
  11 goblins
  3 hobgoblins (D:1)
  5 jackals
  A quokka (D:2)
  2 giant newts
  4 kobolds
  7 rats
57 creatures vanquished.

Notes
Turn   | Place    | Note
-------+----------+-------------------------------------------
     0 | D:1      | mrath the Gargoyle Earth Elementalist began the quest for the Orb.
     0 | D:1      | Reached XP level 1. HP: 10/10 MP: 3/3
   350 | D:1      | Reached XP level 2. HP: 6/15 MP: 0/5
   814 | D:1      | Reached skill level 4 in Earth Magic
   828 | D:1      | Learned a level 2 spell: Passwall
  1168 | D:1      | Reached XP level 3. HP: 19/19 MP: 4/7
  1792 | D:2      | Reached XP level 4. HP: 24/24 MP: 7/9
  1814 | D:2      | Learned a level 3 spell: Stone Arrow
  1858 | D:2      | Found an opulent altar of Gozag.
  2153 | D:2      | Found a faded altar of an unknown god.
  2689 | D:3      | Reached skill level 1 in Conjurations
  2689 | D:3      | Reached XP level 5. HP: 16/28 MP: 5/10
  2696 | D:2      | Slain by an orc

Vault maps used:
D:1:      minmay_arrival_diagonal_passages
D:2:      old_standard_altar, ecumenical_altar_2, nicolae_underground_beach
D:3:      lemuel_doored_altar, minmay_ogre_servants

Skill      XL: |  1  2  3  4 |
---------------+-------------+-----
Earth Magic    | 4 |  4.7
Spellcasting   | 3 |  3.9
Conjurations   | 1 |  1.2
Dodging        | |  1.5
Stealth        | |  2.1
Transmutations | |  0.7

Action                   |  1- 3 |  4- 6 || total
-------------------------+-------+-------++-------
Melee: Dagger            |    34 |    56 ||    90
       Whip              |    13 |       ||    13
 Cast: Sandblast         |    45 |    15 ||    60
  Use: Scroll            |       |     2 ||     2
 Stab: Sleeping          |     1 |     1 ||     2
  Eat: Chunk             |     3 |     3 ||     6
Armor: Robe              |    25 |    14 ||    39
Dodge: Dodged            |    43 |    28 ||    71
